Workbook

Sheet 封面
U1: 总计
A3: 2019年部门预算表
F6: 部门名称：
F10: 编制日期：
F13: 编制单位：
A17: 单位负责人签章： | G17: 财务负责人签章： | M17: 制表人签章：

Sheet 收支预算总表
A2: 收支预算总表
A3: 填报单位:324001高安市城市建设资金管理办公室 | D3: 单位：元
A4: 收 入 | C4: 支 出
A5: 项目 | B5: 预算数 | C5: 项目(按支出功能科目类级) | D5: 预算数
A6: 一、财政拨款 | B6: 1892227 | C6: ='支出总表（引用）'!A8 -> 机关事业单位基本养老保险缴费支出 | D6: ='支出总表（引用）'!B8 -> 147189
A7: 一般公共预算拨款收入 | B7: 1892227 | C7: ='支出总表（引用）'!A9 -> 其他城乡社区支出 | D7: ='支出总表（引用）'!B9 -> 1660935
A8: 专项收入 | C8: ='支出总表（引用）'!A10 -> 住房公积金 | D8: ='支出总表（引用）'!B10 -> 84103
A9: 政府性基金预算拨款收入 | C9: ='支出总表（引用）'!A11 -> 0 | D9: ='支出总表（引用）'!B11 -> 0
A10: 预算内投资收入 | C10: ='支出总表（引用）'!A12 -> 0 | D10: ='支出总表（引用）'!B12 -> 0
A11: 二、事业收入 | C11: ='支出总表（引用）'!A13 -> 0 | D11: ='支出总表（引用）'!B13 -> 0
A12: 三、事业单位经营收入 | C12: ='支出总表（引用）'!A14 -> 0 | D12: ='支出总表（引用）'!B14 -> 0
A13: 四、其他收入 | C13: ='支出总表（引用）'!A15 -> 0 | D13: ='支出总表（引用）'!B15 -> 0
A14: 五、附属单位上缴收入 | C14: ='支出总表（引用）'!A16 -> 0 | D14: ='支出总表（引用）'!B16 -> 0
A15: 六、上级补助收入 | C15: ='支出总表（引用）'!A17 -> 0 | D15: ='支出总表（引用）'!B17 -> 0
C16: ='支出总表（引用）'!A18 -> 0 | D16: ='支出总表（引用）'!B18 -> 0
C17: ='支出总表（引用）'!A19 -> 0 | D17: ='支出总表（引用）'!B19 -> 0
C18: ='支出总表（引用）'!A20 -> 0 | D18: ='支出总表（引用）'!B20 -> 0
C19: ='支出总表（引用）'!A21 -> 0 | D19: ='支出总表（引用）'!B21 -> 0
C20: ='支出总表（引用）'!A22 -> 0 | D20: ='支出总表（引用）'!B22 -> 0
C21: ='支出总表（引用）'!A23 -> 0 | D21: ='支出总表（引用）'!B23 -> 0
C22: ='支出总表（引用）'!A24 -> 0 | D22: ='支出总表（引用）'!B24 -> 0
C23: ='支出总表（引用）'!A25 -> 0 | D23: ='支出总表（引用）'!B25 -> 0
C24: ='支出总表（引用）'!A26 -> 0 | D24: ='支出总表（引用）'!B26 -> 0
C25: ='支出总表（引用）'!A27 -> 0 | D25: ='支出总表（引用）'!B27 -> 0
C26: ='支出总表（引用）'!A28 -> 0 | D26: ='支出总表（引用）'!B28 -> 0
C27: ='支出总表（引用）'!A29 -> 0 | D27: ='支出总表（引用）'!B29 -> 0
... C48: ='支出总表（引用）'!A50 -> 0 | D48: ='支出总表（引用）'!B50 -> 0
A49: 本年收入合计 | B49: =SUM(B6,B11,B12,B13,B14,B15) -> 1892227 | C49: 本年支出合计 | D49: ='支出总表（引用）'!B7 -> 1892227
A50: 七、用事业基金弥补收支差额 | C50: 结转下年
A51: 八、上年结转（结余） | B51: 0
A53: 收入总计 | B53: =SUM(B49,B50,B51) -> 1892227 | C53: 支出总计 | D53: =B53 -> 1892227

Sheet 部门收入总表
A2: 部门收入总表
A3: 填报单位:324001高安市城市建设资金管理办公室 | O3: 单位：元
A4: 功能科目编码 | B4: 功能科目名称 | C4: 合计 | D4: 上年结转 | E4: 财政拨款 | J4: 事业收入 | K4: 事业单位经营收入 | L4: 其他收入 | M4: 附属单位上缴收入 | N4: 上级补助收入 | O4: 用事业基金弥补收支差额
E5: 小计 | F5: 一般公共预算拨款收入 | G5: 政府性基金预算拨款收入 | H5: 专项收入 | I5: 预算内投资收入
A6: ** | B6: ** | C6: 1 | D6: =C6+1 -> 2 | E6: =D6+1 -> 3 | F6: =E6+1 -> 4 | G6: =F6+1 -> 5 | H6: =G6+1 -> 6 | I6: =H6+1 -> 7 | J6: =I6+1 -> 8 | K6: =J6+1 -> 9 | ... O6: =N6+1 -> 13
B7: 合计 | C7: 1892227 | E7: 1892227 | F7: 1892227
A8: 2219901 | B8: 其他城乡社区支出 | C8: 1660935 | E8: 1660935 | F8: 1660935
A9: 2080505 | B9: 机关事业单位基本养老保险缴费支出 | C9: 147189 | E9: 147189 | F9: 147189
A10: 2210201 | B10: 住房公积金 | C10: 84103 | E10: 84103 | F10: 84103

Sheet 部门支出总表
A2: 部门支出总表
A3: 填报单位:324001高安市城市建设资金管理办公室 | H3: 单位：元
A4: 支出功能分类科目 | C4: 合计 | D4: 基本支出 | E4: 项目支出 | F4: 事业单位经营支出 | G4: 上缴上级支出 | H4: 对附属单位补助支出
A5: 科目编码 | B5: 科目名称
A6: ** | B6: ** | C6: 1 | D6: =C6+1 -> 2 | E6: =D6+1 -> 3 | F6: =E6+1 -> 4 | G6: =F6+1 -> 5 | H6: =G6+1 -> 6
B7: 合计 | C7: 1892227 | D7: 1192227 | E7: 700000
A8: 2080505 | B8: 机关事业单位基本养老保险缴费支出 | C8: 147189 | D8: 147189
A9: 2129901 | B9: 其他城乡社区支出 | C9: 1660935 | D9: 960935 | E9: 700000
A10: 2210201 | B10: 住房公积金 | C10: 84103 | D10: 84103

Sheet 财拨收支总表
A2: 财政拨款收支总表
A3: 填报单位:324001高安市城市建设资金管理办公室 | F3: 单位：元
A4: 收 入 | C4: 支出
A5: 项目 | B5: 预算数 | C5: 项目(按支出功能科目类级) | D5: 合计 | E5: 一般公共预算支出 | F5: 政府性基金预算支出
A6: 一、财政拨款收入 | B6: 1892227 | C6: 一、本年支出 | D6: ='财拨总表（引用）'!B7 -> 1892227 | E6: ='财拨总表（引用）'!C7 -> 1892227 | F6: ='财拨总表（引用）'!D7 -> 0
A7: 一般公共预算拨款收入 | B7: 1892227 | C7: ='财拨总表（引用）'!A8 -> 机关事业单位基本养老保险缴费支出 | D7: ='财拨总表（引用）'!B8 -> 147189 | E7: ='财拨总表（引用）'!C8 -> 147189 | F7: ='财拨总表（引用）'!D8 -> 0
A8: 专项收入 | C8: ='财拨总表（引用）'!A9 -> 其他城乡社区支出 | D8: ='财拨总表（引用）'!B9 -> 1660935 | E8: ='财拨总表（引用）'!C9 -> 1660935 | F8: ='财拨总表（引用）'!D9 -> 0
A9: 政府性基金预算拨款收入 | C9: ='财拨总表（引用）'!A10 -> 住房公积金 | D9: ='财拨总表（引用）'!B10 -> 84103 | E9: ='财拨总表（引用）'!C10 -> 84103 | F9: ='财拨总表（引用）'!D10 -> 0
A10: 预算内投资收入 | C10: ='财拨总表（引用）'!A11 -> 0 | D10: ='财拨总表（引用）'!B11 -> 0 | E10: ='财拨总表（引用）'!C11 -> 0 | F10: ='财拨总表（引用）'!D11 -> 0
C11: ='财拨总表（引用）'!A12 -> 0 | D11: ='财拨总表（引用）'!B12 -> 0 | E11: ='财拨总表（引用）'!C12 -> 0 | F11: ='财拨总表（引用）'!D12 -> 0
C12: ='财拨总表（引用）'!A13 -> 0 | D12: ='财拨总表（引用）'!B13 -> 0 | E12: ='财拨总表（引用）'!C13 -> 0 | F12: ='财拨总表（引用）'!D13 -> 0
C13: ='财拨总表（引用）'!A14 -> 0 | D13: ='财拨总表（引用）'!B14 -> 0 | E13: ='财拨总表（引用）'!C14 -> 0 | F13: ='财拨总表（引用）'!D14 -> 0
C14: ='财拨总表（引用）'!A15 -> 0 | D14: ='财拨总表（引用）'!B15 -> 0 | E14: ='财拨总表（引用）'!C15 -> 0 | F14: ='财拨总表（引用）'!D15 -> 0
C15: ='财拨总表（引用）'!A16 -> 0 | D15: ='财拨总表（引用）'!B16 -> 0 | E15: ='财拨总表（引用）'!C16 -> 0 | F15: ='财拨总表（引用）'!D16 -> 0
C16: ='财拨总表（引用）'!A17 -> 0 | D16: ='财拨总表（引用）'!B17 -> 0 | E16: ='财拨总表（引用）'!C17 -> 0 | F16: ='财拨总表（引用）'!D17 -> 0
C17: ='财拨总表（引用）'!A18 -> 0 | D17: ='财拨总表（引用）'!B18 -> 0 | E17: ='财拨总表（引用）'!C18 -> 0 | F17: ='财拨总表（引用）'!D18 -> 0
C18: ='财拨总表（引用）'!A19 -> 0 | D18: ='财拨总表（引用）'!B19 -> 0 | E18: ='财拨总表（引用）'!C19 -> 0 | F18: ='财拨总表（引用）'!D19 -> 0
C19: ='财拨总表（引用）'!A20 -> 0 | D19: ='财拨总表（引用）'!B20 -> 0 | E19: ='财拨总表（引用）'!C20 -> 0 | F19: ='财拨总表（引用）'!D20 -> 0
C20: ='财拨总表（引用）'!A21 -> 0 | D20: ='财拨总表（引用）'!B21 -> 0 | E20: ='财拨总表（引用）'!C21 -> 0 | F20: ='财拨总表（引用）'!D21 -> 0
C21: ='财拨总表（引用）'!A22 -> 0 | D21: ='财拨总表（引用）'!B22 -> 0 | E21: ='财拨总表（引用）'!C22 -> 0 | F21: ='财拨总表（引用）'!D22 -> 0
C22: ='财拨总表（引用）'!A23 -> 0 | D22: ='财拨总表（引用）'!B23 -> 0 | E22: ='财拨总表（引用）'!C23 -> 0 | F22: ='财拨总表（引用）'!D23 -> 0
... C48: ='财拨总表（引用）'!A49 -> 0 | D48: ='财拨总表（引用）'!B49 -> 0 | E48: ='财拨总表（引用）'!C49 -> 0 | F48: ='财拨总表（引用）'!D49 -> 0
A49: 二、上年结转 | C49: 二、结转下年
A50: 一般公共预算拨款结转
A51: 政府性基金预算拨款结转
A54: 收入总计 | B54: =B6 -> 1892227 | C54: 支出总计 | D54: ='财拨总表（引用）'!B7 -> 1892227 | E54: ='财拨总表（引用）'!C7 -> 1892227 | F54: ='财拨总表（引用）'!D7 -> 0
AG84: 0
Z122: 0

Sheet 一般公共预算支出表
A2: 一般公共预算支出表
A3: 填报单位:324001高安市城市建设资金管理办公室 | E3: 单位：元
A4: 支出功能分类科目 | C4: 2019年预算数
A5: 科目编码 | B5: 科目名称 | C5: 合计 | D5: 基本支出 | E5: 项目支出
A6: ** | B6: ** | C6: 1 | D6: =C6+1 -> 2 | E6: =D6+1 -> 3
B7: 合计 | C7: 1892227 | D7: 1192227 | E7: 700000
A8: 2080505 | B8: 机关事业单位基本养老保险缴费支出 | C8: 147189 | D8: 147189
A9: 2129901 | B9: 其他城乡社区支出 | C9: 1660935 | D9: 960935 | E9: 700000
A10: 2210201 | B10: 住房公积金 | C10: 84103 | D10: 84103

Sheet 一般公共预算基本支出表
A2: 一般公共预算基本支出表
A3: 填报单位:324001高安市城市建设资金管理办公室 | E3: 单位：元
A4: 支出经济分类科目 | C4: 2019年基本支出
A5: 科目编码 | B5: 科目名称 | C5: 合计 | D5: 人员经费 | E5: 公用经费
A6: ** | B6: ** | C6: 1 | D6: =C6+1 -> 2 | E6: 3
B7: 合计 | C7: 1192227 | D7: 1036227 | E7: 156000
A8: 2080505 | B8: 机关事业单位基本养老保险缴费 | C8: 147189 | D8: 147189
A9: 2129901 | B9: 基本工资 | C9: 420996 | D9: 420996
A10: 2129901 | B10: 津贴补贴 | C10: 279864 | D10: 279864
A11: 2129901 | B11: 奖金 | C11: 35083 | D11: 35083
A12: 2129901 | B12: 失业保险 | C12: 2105 | D12: 2105
A13: 2129901 | B13: 城镇职工基本医疗保险 | C13: 42052 | D13: 42052
A14: 2210201 | B14: 住房公积金 | C14: 84103 | D14: 84103
A15: 2129901 | B15: 水费 | C15: 10000 | E15: 10000
A16: 2129901 | B16: 电费 | C16: 14150 | E16: 14150
A17: 2129901 | B17: 公务接待费 | C17: 21850 | E17: 21850
A18: 2129901 | B18: 工会经费 | C18: 9755 | D18: 9755
A19: 2129901 | B19: 福利费 | C19: 1560 | D19: 1560
A20: 2129901 | B20: 降温费 | C20: 10400 | D20: 10400
A21: 2129901 | B21: 烤火费 | C21: 3120 | D21: 3120
A22: 2129901 | B22: 办公设备购置 | C22: 110000 | E22: 110000

Sheet 三公表
A2: 一般公共预算'三公'经费支出表
A3: 填报单位:324001高安市城市建设资金管理办公室 | G3: 单位：元
A4: 单位编码 | B4: 单位名称 | C4: 合计 | D4: 因公出国(境)费 | E4: 公务接待费 | F4: 公务用车运行维护费 | G4: 公务用车购置
A5: ** | B5: ** | C5: 1 | D5: =C5+1 -> 2 | E5: =D5+1 -> 3 | F5: =E5+1 -> 4 | G5: =F5+1 -> 5
B6: 合计 | C6: 21850 | E6: 21850
A7: 324001 | B7: 高安市城市建设资金管理办公室 | C7: 21850 | E7: 21850

Sheet 政府性基金
A2: 政府性基金预算支出表
A3: 填报单位:324001高安市城市建设资金管理办公室 | E3: 单位：元
A4: 支出功能分类科目 | C4: 2019年预算数
A5: 科目编码 | B5: 科目名称 | C5: 合计 | D5: 基本支出 | E5: 项目支出
A6: ** | B6: ** | C6: 1 | D6: =C6+1 -> 2 | E6: =D6+1 -> 3

Sheet 支出总表（引用）
A2: 支出预算总表
A4: 科目名称 | B4: 合计 | C4: 结转下年
A6: ** | B6: 1 | C6: 2
A7: 合计 | B7: 1892227
A8: 机关事业单位基本养老保险缴费支出 | B8: 147189
A9: 其他城乡社区支出 | B9: 1660935
A10: 住房公积金 | B10: 84103

Sheet 财拨总表（引用）
A2: 财政拨款预算表
A4: 科目名称 | B4: 财政拨款 | C4: 一般公共预算支出 | D4: 政府性基金预算支出
A6: ** | B6: 1 | C6: 2 | D6: 3
B7: 1892227 | C7: 1892227
A8: 机关事业单位基本养老保险缴费支出 | B8: 147189 | C8: 147189
A9: 其他城乡社区支出 | B9: 1660935 | C9: 1660935
A10: 住房公积金 | B10: 84103 | C10: 84103
